 Dungeon Crawl Stone Soup version 0.31-a0-1101-g9ad1905e61 (webtiles) character file.

Game seed: 9256976028450190500

7 gruber the Shooter (level 1, 0/12 HPs)
             Began as a Deep Elf Hunter on Dec 1, 2023.
             Slain by a gnoll
             ... wielding a +0 whip
              (5 damage)
             ... on level 1 of the Dungeon.
             The game lasted 00:00:17 (217 turns).

gruber the Shooter (Deep Elf Hunter)                 Turns: 217, Time: 00:00:17

Health: 0/12       AC:  3    Str:  8    XL:     1   Next: 83%
Magic:  3/3        EV:  9    Int: 13    God:
Gold:   29         SH:  0    Dex: 18    Spells: 0/0 levels left

rFire   . . .        a - +0 shortbow
rCold   . . .        (shield currently unavailable)
rNeg    . . .        c - +0 leather armour
rPois   .            (no helmet)
rElec   .            (no cloak)
rCorr   .            (no gloves)
SInv    .            (no boots)
Will    .....        (no amulet)
Stlth   ++           (no ring)
HPRegen 0.22/turn    (no ring)
MPRegen 0.08/turn

%: no passive effects
@: constricted
A: no striking features
a: no special abilities


You were on level 1 of the Dungeon.
You visited 1 branch of the dungeon, and saw 1 of its levels.

You collected 29 gold pieces.

Inventory:

Hand Weapons
 a - a +0 shortbow (weapon)
 e - a +0 rapier
Armour
 c - a +0 leather armour (worn)
Scrolls
 b - a scroll of butterflies
 f - 2 scrolls of revelation {unknown}
Potions
 d - a potion of invisibility {unknown}
 g - a potion of enlightenment {unknown}
 h - a potion of curing {unknown}


   Skills:
 - Level 1.5 Fighting
 + Level 5.8 Ranged Weapons
 - Level 2.4 Dodging
 - Level 1.2 Stealth


You couldn't memorise any spells.
You didn't know any spells.
Your spell library was empty.

Dungeon Overview and Level Annotations

Branches:
Dungeon (1/15)

Altars:


Message History

The arrow hits the endoplasm.
The endoplasm is moderately wounded.
An endoplasm is nearby!
You shoot an arrow. The arrow hits the endoplasm!
You kill the endoplasm!
f - 2 scrolls labelled YPNOYLE LIDGHI (gained 1)
You see here a staff of conjuration.
No target in view!
You see here a +0 dagger.
h - a black potion No target in view!
A gnoll comes into view. It is wielding a +0 whip.
The gnoll shouts!
A ball python comes into view.
You shoot an arrow.
The arrow closely misses the ball python.
The ball python closely misses you. The ball python barely misses you.
There are monsters nearby!
You shoot an arrow. The arrow hits the gnoll.
The gnoll is heavily wounded.
The ball python closely misses you. The ball python grabs you.
The ball python constricts you. The gnoll hits you with a +0 whip.
Ouch! That really hurt!
There are monsters nearby!
You are too injured to fight recklessly!
You are too injured to fight recklessly!
There are monsters nearby!
You are too injured to fight recklessly!
There are monsters nearby!
Unknown command.
Unknown command.
Fire: a) +0 shortbow
Press: ? - help, Q - select action Shift-Dir - straight line, f/p - gnoll
Aim: a gnoll, wielding a +0 whip (heavily wounded, 66% to hit)
You shoot an arrow.
The arrow hits the gnoll but does no damage.
The gnoll is heavily wounded.
The ball python bites you but does no damage.
The ball python constricts you. The gnoll hits you with a +0 whip.
You die...

#### # ### ## #.#.. ..#.#
...##. .#.######S#.#####
#.... .......##@....... ##..
##.###....g.##### ##.
#....#..#.#.# #.
#..#.#.##.#.# ########.
#..#.#.#... . .........
####...)..#....##############
#..|.....##.#####...........'
#.#.......#.# #.########### #
#....#.##.# #.# ####### #


You could see a gnoll and a ball python.

Vanquished Creatures
  2 bats (D:1)
  An endoplasm (D:1)
  A goblin (D:1)
  A kobold (D:1)
  A rat (D:1)
6 creatures vanquished.

Notes
Turn   | Place    | Note
-------+----------+-------------------------------------------
     0 | D:1      | gruber the Deep Elf Hunter began the quest for the Orb.
     0 | D:1      | Reached XP level 1. HP: 12/12 MP: 3/3
   217 | D:1      | Slain by a gnoll

Illustrated notes

Levels and vault maps discovered:
D:1:      orjb1_lava_funnel, layout_basic,
          dreamdust_ecumenical_altar_hidden_monk_grotto

Action                     || total
---------------------------++-------
   Fire: Shortbow          ||    24
 Armour: Leather armour    ||     7
  Dodge: Dodged            ||     9

Table legend: (Time is in decaauts)
 A = Elapsed time spent in this place.
 B = Non-inter-level travel time spent in this place.
 C = Inter-level travel time spent in this place.
 D = Time resting spent in this place.
 E = Time spent auto-exploring this place.
 F = Levels seen in this place.
 G = Mean time per level.
                   A        B        C        D        E       F      G
               +--------+--------+--------+--------+--------+-----+--------+
         Total |    221 |    212 |      9 |      0 |    168 |   1 |  221.0 |
       Dungeon |    221 |    212 |      9 |      0 |    168 |   1 |  221.0 |
               +--------+--------+--------+--------+--------+-----+--------+

Top non-repeatable levels by time:
     D:1: 221 daAuts
